 Dungeon Crawl Stone Soup version 0.30-a0-358-g0d69a1922f (webtiles) character file.

Game seed: 606404729949629340

18045 p00ps00p the Cleaver (level 12, -2/113 HPs)
             Began as a Hill Orc Fighter on Nov 8, 2022.
             Was an Initiate of Gozag.
             Slain by an orc knight
             ... wielding a +2 bardiche
              (19 damage)
             ... on level 2 of the Orcish Mines.
             The game lasted 00:27:53 (17208 turns).

p00ps00p the Cleaver (Hill Orc Fighter)            Turns: 17208, Time: 00:27:53

Health: -2/113     AC: 19    Str: 30    XL:     12   Next: 54%
Magic:  12/12      EV: 10    Int:  8    God:    Gozag
Gold:   1327       SH:  6    Dex: 10    Spells: 11/11 levels left

rFire   . . .      SeeInvis .    f - +6 broad axe (distort)
rCold   . . .      Faith    .    c - +0 buckler
rNeg    . . .      Spirit   .    o - +0 acid dragon scales
rPois   .          Reflect  .    E - +2 hat
rElec   .          Harm     .    s - +2 cloak
rCorr   +          Rampage  .    J - +2 pair of gloves
Will    .....                    z - +0 pair of boots
Stlth   +.........               (no amulet)
HPRegen 0.38/turn                e - +6 ring of strength
MPRegen 0.13/turn                (no ring)

@: gold aura
A: no striking features
a: Renounce Religion, Potion Petition, Call Merchant, Bribe Branch


You were on level 2 of the Orcish Mines.
You worshipped Gozag.
Gozag was most pleased with you.
You visited 3 branches of the dungeon, and saw 15 of its levels.

You collected 2337 gold pieces.
You spent 832 gold pieces at shops.
You paid 178 gold pieces to Gozag.

Inventory:

Hand Weapons
 a - a +0 war axe
 f - a +6 broad axe of distortion (weapon)
 t - the +3 spear of the Jumping Butterfly {freeze, rF+ Dex+9}
   (You found it on level 6 of the Dungeon)

   It freezes those it strikes, dealing additional cold damage.
   It can also slow down cold-blooded creatures.
   Dex:       It affects your dexterity (+9).
   rF:        It protects you from fire.
 u - a +1 war axe of flaming
Missiles
 C - 2 boomerangs of dispersal (quivered)
 G - a throwing net
Armour
 c - a +0 buckler (worn)
 o - +0 acid dragon scales (worn)
 s - a +2 cloak (worn)
 z - a +0 pair of boots (worn)
 E - a +2 hat (worn)
 J - a +2 pair of gloves (worn)
Jewellery
 e - a +6 ring of strength (left hand)
 q - a ring of wizardry
 w - a ring of ice
 D - a +6 ring of strength
 I - a ring of flight
Wands
 H - a wand of digging (6)
Scrolls
 i - a scroll of noise
 j - 6 scrolls of fog
 n - 3 scrolls of amnesia
 y - 7 scrolls of identify
 A - 3 scrolls of teleportation {unknown}
 F - a scroll of immolation {unknown}
Potions
 b - a potion of might
 d - 4 potions of cancellation
 g - 2 potions of brilliance
 h - a potion of lignification
 k - 5 potions of curing
 l - a potion of haste {unknown}
 m - 3 potions of flight {unknown}
 p - a potion of degeneration {unknown}
 r - 4 potions of attraction {unknown}
 v - a potion of magic {unknown}
 x - 3 potions of berserk rage {unknown}
 B - a potion of mutation {unknown}


   Skills:
 + Level 12.6 Fighting
 + Level 13.5 Axes
 + Level 11.6 Armour
 + Level 11.6 Shields


You had 11 spell levels left.
You didn't know any spells.
Your spell library contained the following spells:

 Spells                   Type           Power      Damage    Failure   Level
 Blink                    Tloc           0%         N/A       65%         2
 Ensorcelled Hibernation  Hex/Ice        0%         N/A       65%         2
 Momentum Strike          Conj/Tloc      0%         3d8       65%         2
 Passwall                 Tmut/Erth      0%         N/A       65%         2
 Inner Flame              Hex/Fire       0%         N/A       87%         3
 Lesser Beckoning         Tloc           0%         N/A       87%         3
 Stone Arrow              Conj/Erth      0%         3d7       87%         3
 Swiftness                Air            0%         N/A       87%         3
 Animate Armour           Summ/Erth      0%         N/A       99%         4
 Cause Fear               Hex            0%         N/A       99%         4
 Discord                  Hex            0%         N/A       100%        8
 Lehudib's Crystal Spear  Conj/Erth      0%         10d2      100%        8


Dungeon Overview and Level Annotations

Branches:
Dungeon (12/15)            Temple (1/1) D:7            Lair (0/5) D:10
    Orc (2/2) D:11
    Elf: Orc:2

Altars:
Ashenzari
Cheibriados
Dithmenos
Elyvilon
Fedhas
Gozag
Hepliaklqana
Kikubaaqudgha
Makhleb
Nemelex Xobeh
Okawaru
Qazlal
Ru
Sif Muna
Trog
Uskayaw
Vehumet
Wu Jian
Xom
Yredelemnul
Zin
The Shining One
Beogh

Shops:
D:5 =   D:10 *   D:11 [

Annotations:
D:10 exclusion: ice statue


Message History

Found two rat skeletons and a yak skeleton.
The orc knight shouts!
The orc warrior shouts!
There are monsters nearby!
The orc knight roars a battlecry!
The orc knight goes into a battle-frenzy!
You see here a +0 scimitar.
The orc knight roars a battlecry!
The orc knight goes into a battle-frenzy!
The orc knight hits you from afar with a +2 bardiche!!!
An orc warrior comes into view. It is wielding a +0 trident.
Found a rat skeleton.
The orc knight hits you with a +2 bardiche.
An orc knight comes into view. It is wielding a +2 long sword.
Found two rat skeletons.
The orc knight shouts!
An orc priest comes into view. It is wielding a +0 hand axe.
An orc wizard comes into view. It is wielding a +0 dagger.
An orc high priest comes into view. It is wielding a +0 dire flail.
The orc knight misses you.
You slash the orc knight!
Space warps horribly around the orc knight!!
The orc knight is severely wounded.
The orc priest threatens, "By the altar or by the axe, you will meet Beogh!"
You slash the orc knight!
Space warps around the orc knight.
The orc knight is distracted by your dazzling golden aura.
The orc knight hits you with a +0 dire flail.
The orc high priest calls upon Beogh to heal the orc knight.
The orc knight's wounds heal themselves!
The orc knight hits you with a +2 bardiche!!!
The orc warrior hits you but does no damage.
The orc knight attacks as you move away!
The orc knight hits you with a +0 dire flail!
* * * LOW HITPOINT WARNING * * *
The orc knight hits you with a +2 bardiche.
* * * LOW HITPOINT WARNING * * *
The orc knight attacks as you move away!
The orc knight barely misses you.
The orc knight hits you from afar with a +2 bardiche!!
You die...
Your body crumbles into a pile of gold.

.)...# ...÷# ....## .....## ####
)))## ...÷... ##..## )..#
...÷...##....## ...#
.§o.÷.÷.##....# ...##
÷oo÷..o..###..####### .)).#
#o..###..#.....# ..))####
##oo.#...#.._..### ...)...####
##@..#...#.....#.## ..........#
###$)..#...###)###..#
...)....#####).$..##....8...8...#
....).......).$$.##..............
.)..............##..........##...
.).).........$###.............#.#
.............##..................
.....)......................#....
......................))....#....


You could see 2 orc knights and 2 orc warriors.

Vanquished Creatures
  3 orc high priests
  A necromancer (D:10)
  Pikel (D:8)
  2 orc knights (Orc:2)
  3 orc sorcerers
  3 cyclopes
  Maggie (D:6)
  7 trolls
  Sigmund (D:2)
  A wraith (D:9)
  6 yaks
  A wyvern (D:10)
  Eustachio (D:6)
  Grum (D:9)
  5 humans (D:6)
  Menkaure (D:6)
  2 steam dragons (D:7)
  Edmund (D:6)
  3 wargs
  A water moccasin (D:7)
  Duvessa (D:5)
  2 ogres (D:5)
  18 orc warriors
  A wolf (D:9)
  3 ice beasts
  A phantom (D:6)
  2 centaurs
  A lemure (D:8)
  2 kobold brigands
  2 necrophages
  A gnoll sergeant (D:8)
  6 bullfrogs
  4 scorpions
  14 wights
  Dowan (D:5)
  7 killer bees
  A howler monkey (D:8)
  A crimson imp (D:5)
  17 orc priests
  4 jellies
  5 iguanas
  Jessica (D:3)
  A gnoll bouda (D:10)
  18 orc wizards
  3 polar bear simulacra (D:10)
  A yak simulacrum (D:10)
  3 wolf simulacra (D:10)
  A mummy (D:3)
  13 gnolls
  5 adders
  A white imp (D:5)
  4 worms (D:2)
  A dart slug (D:4)
  73 orcs
  8 bats
  5 endoplasms
  2 giant cockroaches
  4 hobgoblins
  9 jackals
  2 quokkas
  5 ball pythons
  A frilled lizard (D:3)
  8 goblins
  11 kobolds
  A rat (D:3)
  2 river rat simulacra (D:10)
322 creatures vanquished.

Vanquished Creatures (others)
  An orc (Orc:2)
  A kobold (D:6)
  7 fungi (D:10)
  17 plants (D:10)
26 creatures vanquished.

Grand Total: 348 creatures vanquished

Notes
Turn   | Place    | Note
-------+----------+-------------------------------------------
     0 | D:1      | p00ps00p the Hill Orc Fighter began the quest for the Orb.
     0 | D:1      | Reached XP level 1. HP: 19/19 MP: 1/1
    73 | D:1      | You fall into a shaft and drop 1 floor!
   103 | D:2      | Reached skill level 3 in Axes
   103 | D:2      | Reached XP level 2. HP: 27/27 MP: 2/2
   223 | D:2      | Reached XP level 3. HP: 33/33 MP: 3/3
   352 | D:2      | Noticed Sigmund
   363 | D:2      | Killed Sigmund
   364 | D:2      | Reached skill level 4 in Axes
   364 | D:2      | Reached XP level 4. HP: 14/41 MP: 4/4
   364 | D:2      | Reached XP level 5. HP: 16/47 MP: 5/5
  1112 | D:2      | Reached skill level 5 in Fighting
  1477 | D:2      | Reached XP level 6. HP: 26/56 MP: 6/6
  1966 | D:3      | Identified a scroll of acquirement
  1966 | D:3      | Acquired a +6 broad axe of distortion
  2372 | D:3      | Identified the +5 dagger of Eternal Vigilance {drain, *Slow
                  | rN+ Dex+2}
  2481 | D:3      | Found a snail-covered altar of Cheibriados.
  2482 | D:3      | Noticed Jessica
  2490 | D:3      | Killed Jessica
  2604 | D:3      | Found a faded altar of an unknown god.
  2903 | D:4      | Reached skill level 5 in Axes
  2960 | D:4      | Reached skill level 5 in Armour
  2960 | D:4      | Reached skill level 5 in Shields
  2971 | D:4      | Reached XP level 7. HP: 62/62 MP: 7/7
  3477 | D:4      | Reached skill level 6 in Axes
  3804 | D:5      | Entered Level 5 of the Dungeon
  3804 | D:5      | Found Veleram's Jewellery Boutique.
  4081 | D:5      | Reached XP level 8. HP: 71/71 MP: 8/8
  4798 | D:5      | Noticed Duvessa
  4802 | D:5      | Noticed Dowan
  4806 | D:5      | Killed Dowan
  4807 | D:5      | Reached skill level 7 in Axes
  4811 | D:5      | Killed Duvessa
  5199 | D:6      | Reached XP level 9. HP: 68/80 MP: 9/9
  5201 | D:6      | Reached skill level 8 in Axes
  5857 | D:6      | Found a burning altar of Makhleb.
  5915 | D:6      | Noticed Eustachio
  5918 | D:6      | Killed Eustachio
  5929 | D:6      | Noticed Maggie
  5938 | D:6      | Killed Maggie
  6026 | D:6      | Noticed Edmund
  6032 | D:6      | Killed Edmund
  6033 | D:6      | Reached skill level 9 in Axes
  6057 | D:6      | Identified the +3 spear of the Jumping Butterfly {freeze,
                  | rF+ Dex+9}
  6080 | D:6      | Noticed Menkaure
  6096 | D:6      | Killed Menkaure
  6326 | D:6      | Found a radiant altar of Vehumet.
  6558 | D:6      | Reached XP level 10. HP: 76/91 MP: 10/10
  8010 | D:7      | Reached skill level 10 in Axes
  8094 | D:7      | Found a staircase to the Ecumenical Temple.
  8105 | Temple   | Entered the Ecumenical Temple
  8234 | Temple   | Became a worshipper of Gozag Ym Sagoz the Greedy
  9588 | D:8      | Reached skill level 10 in Fighting
  9971 | D:8      | Noticed Pikel
  9981 | D:8      | Killed Pikel
 10330 | D:9      | Reached skill level 11 in Axes
 10831 | D:9      | Noticed Grum
 10835 | D:9      | Reached XP level 11. HP: 90/101 MP: 11/11
 10842 | D:9      | Killed Grum
 11190 | D:9      | Identified the +8 long sword of Abomination {vamp, Dex+4
                  | Stlth+}
 11345 | D:10     | Entered Level 10 of the Dungeon
 11420 | D:10     | Found Adghiahil's General Store.
 11428 | D:10     | Bought a +2 hat for 256 gold pieces
 11428 | D:10     | Bought a potion of curing for 48 gold pieces
 11790 | D:10     | Found a staircase to the Lair.
 11796 | D:10     | Reached skill level 10 in Shields
 11984 | D:10     | Noticed a necromancer
 11992 | D:10     | Killed a necromancer
 11993 | D:10     | Reached skill level 10 in Armour
 12240 | D:10     | Found an ancient bone altar of Kikubaaqudgha.
 12433 | D:10     | Found a sacrificial altar of Ru.
 12571 | D:10     | Found a stormy altar of Qazlal.
 12831 | D:11     | Found Lyrphae's Armour Shop.
 12834 | D:11     | Found a staircase to the Orcish Mines.
 12840 | D:11     | Noticed a cyclops
 12854 | D:11     | Killed a cyclops
 12855 | D:11     | Reached skill level 12 in Axes
 12901 | D:11     | Bought a +2 cloak for 264 gold pieces
 12901 | D:11     | Bought a +2 pair of gloves for 264 gold pieces
 14150 | D:11     | Noticed a cyclops
 14158 | D:11     | Killed a cyclops
 14252 | Orc:1    | Entered Level 1 of the Orcish Mines
 14252 | Orc:1    | Noticed an orc high priest
 14252 | Orc:1    | Noticed an orc sorcerer
 14264 | D:11     | Killed an orc high priest
 14680 | Orc:1    | Noticed a cyclops
 14730 | Orc:1    | Killed an orc sorcerer
 14738 | Orc:1    | Killed a cyclops
 15105 | Orc:2    | Entered Level 2 of the Orcish Mines
 15105 | Orc:2    | Noticed an orc sorcerer
 15110 | Orc:2    | Paralysed by an orc sorcerer for 5 turns
 15523 | Orc:1    | Killed an orc sorcerer
 15524 | Orc:1    | Reached XP level 12. HP: 94/111 MP: 12/12
 16147 | Orc:2    | Reached skill level 13 in Axes
 16726 | Orc:2    | Found a roughly hewn altar of Beogh.
 16810 | Orc:2    | Noticed an orc high priest
 16812 | Orc:2    | Noticed a soul eater
 16823 | Orc:2    | Killed an orc high priest
 17192 | Orc:2    | Noticed an orc high priest
 17198 | Orc:2    | Killed an orc high priest
 17205 | Orc:2    | Noticed an orc high priest
 17208 | Orc:2    | Slain by an orc knight

Illustrated notes

Levels and vault maps discovered:
D:1:      dpeg_arrival_refuge, layout_basic, serial_curves, eino_curves_04,
          eino_curves_04, bh_walls_and_bars
D:2:      layout_basic, dreamdust_princess_bridge, item_on_display_a,
          uniq_sigmund
D:3:      layout_rooms, slow_altar_1, basic_ecumenical_altar, uniq_jessica
D:4:      layout_gridville
D:5:      layout_gridville, serial_shops, shop, minmay_fire_ice_demons,
          uniq_duvessa
D:6:      layout_basic, old_standard_altar, mainiacjoe_overflow_boulevard,
          minmay_ruffians, uniq_menkaure, uniq_eustachio, uniq_maggie,
          uniq_edmund
D:7:      kennysheep_steamy, layout_cave_pools, minmay_temple_entry_glass,
          chequers_ossuary_entry_cave
D:8:      layout_loops_ring, uniq_pikel
D:9:      layout_stronghold, uniq_grum
D:10:     lemuel_ice_statue, layout_basic, nicolae_qazlal_eye_of_the_storm,
          nicolae_ru_the_path_less_chosen, general_overflow_altar,
          grunt_lair_entry_orc_guard_hut, serial_shops, shop,
          eino_house_with_fridge
D:11:     layout_basic, orc_david_3
D:12:     layout_irregular_city, serial_shops, nicolae_lakefront_shop,
          uniq_azrael
Temple:   kb_temple_of_zot
Orc:1:    layout_caves, serial_shops, shop, uniq_jorgrun, uniq_snorg
Orc:2:    grunt_orc_tribal_feast, layout_diamond_mine, basic_altar,
          minmay_orc_temple_a

Skill      XL: |  1  2  3  4  5  6  7  8  9 10 11 12 |
---------------+-------------------------------------+-----
Axes           | 3 4 5 6 7 9 11 12 13 | 13.5
Fighting       | 4 5 6 7 9 10 11 12 | 12.6
Armour         | 4 5 6 8 9 10 11 | 11.6
Shields        | 4 5 6 8 9 11 | 11.6

Action                   |  1- 3 |  4- 6 |  7- 9 | 10-12 || total
-------------------------+-------+-------+-------+-------++-------
Melee: War axe           |    51 |    37 |       |       ||    88
       Broad axe         |       |    40 |   152 |   378 ||   570
Evoke: Wand              |       |       |       |     3 ||     3
  Use: Potion            |     1 |       |     2 |       ||     3
       Scroll            |       |    11 |     3 |     3 ||    17
 Stab: Distracted        |       |       |       |     2 ||     2
Armor: Scale mail        |    37 |    31 |    50 |       ||   118
       Acid dragon scale |       |       |     8 |   160 ||   168
Dodge: Dodged            |    35 |    37 |    65 |   206 ||   343
Block: Buckler           |    13 |    17 |    35 |   144 ||   209

Table legend: (Time is in decaauts)
 A = Elapsed time spent in this place.
 B = Non-inter-level travel time spent in this place.
 C = Inter-level travel time spent in this place.
 D = Time resting spent in this place.
 E = Time spent auto-exploring this place.
 F = Levels seen in this place.
 G = Mean time per level.
                   A        B        C        D        E       F      G
               +--------+--------+--------+--------+--------+-----+--------+
         Total |  17349 |  16956 |    393 |   5648 |   8615 |  15 | 1156.6 |
       Dungeon |  14711 |  14336 |    375 |   3998 |   8216 |  12 | 1225.9 |
        Temple |    147 |    130 |     17 |      0 |    106 |   1 |  147.0 |
  Orcish Mines |   2490 |   2490 |      0 |   1650 |    293 |   2 | 1245.0 |
               +--------+--------+--------+--------+--------+-----+--------+

Top non-repeatable levels by time:
     D:5: 2268 daAuts
    D:11: 1901 daAuts
     D:2: 1674 daAuts
     D:6: 1611 daAuts
    D:10: 1462 daAuts
     D:8: 1325 daAuts
   Orc:1: 1319 daAuts
     D:3: 1188 daAuts
     D:9: 1180 daAuts
   Orc:2: 1171 daAuts
     D:7: 1083 daAuts
     D:4: 923 daAuts
  Temple: 147 daAuts
     D:1: 77 daAuts
    D:12: 14 daAuts
